 Dungeon Crawl Stone Soup version 0.30-a0-965-g42e074c17a (webtiles) character file.

Game seed: 4091744738457236682

69912 voltaire321 the Nimble (level 14, -18/88 HPs)
             Began as a Deep Elf Earth Elementalist on Mar 30, 2023.
             Was a High Priest of Vehumet.
             Demolished by a dire elephant simulacrum (27 damage)
             ... in an ice cave.
             The game lasted 01:26:45 (26715 turns).

voltaire321 the Nimble (DEEE)                      Turns: 26715, Time: 01:26:46

Health: -18/88     AC: 10    Str:  7    XL:     14   Next: 92%
Magic:  16/31      EV: 23    Int: 24    God:    Vehumet [*****.]
Gold:   1408       SH:  0    Dex: 15    Spells: 10/36 levels left

rFire   + + .      SeeInvis .    K - +5 dagger (heavy)
rCold   + + +      Faith    .    a - +2 buckler
rNeg    . . .      Spirit   .    C - +0 leather armour of Vehumet's Supremacy {rF+ rC++}
rPois   .          Reflect  +    y - +1 helmet
rElec   .          Rampage  .    j - scarf {rC+ rF+}
rCorr   .                        (no gloves)
Will    +....                    (no boots)
Stlth   +                        G - amulet of reflection
HPRegen 0.34/turn                S - +5 ring of evasion
MPRegen 0.22/turn                D - +4 ring of protection

@: confused, ambrosia-drunk
A: no striking features
a: Renounce Religion


You were in an ice cave.
You worshipped Vehumet.
Vehumet was extremely pleased with you.
You visited 4 branches of the dungeon, and saw 20 of its levels.
You also visited: Ice Cave.

You collected 1793 gold pieces.
You spent 385 gold pieces at shops.

Inventory:

Hand Weapons
 m - a +1 dagger of flaming
 J - the +3 mace of Laceration {speed, rPois rF+++ Will-}
   (You found it on level 4 of the Lair of Beasts)

   rF:        It renders you almost immune to fire.
   rPois:     It protects you from poison.
   Will:      It decreases your willpower.
 K - a +5 heavy dagger (weapon)
 Q - a +1 rapier of venom
Missiles
 z - 3 throwing nets
Armour
 a - a +2 buckler (worn)
 f - a +0 kite shield of cold resistance
 j - a scarf of resistance (worn)
 y - a +1 helmet (worn)
 C - the +0 leather armour of Vehumet's Supremacy (worn) {rF+ rC++}
   (You found it on level 9 of the Dungeon)

   rF:        It protects you from fire.
   rC:        It greatly protects you from cold.
Jewellery
 c - a ring of positive energy
 g - a ring of see invisible
 h - a ring of flight
 o - a ring of protection from cold
 D - a +4 ring of protection (right hand)
 G - an amulet of reflection (around neck)
 I - a ring of protection from fire
 S - a +5 ring of evasion (left hand)
Wands
 b - a wand of mindburst (1)
 q - a wand of charming (14)
 s - a wand of flame (51)
 v - a wand of polymorph (8)
 x - a wand of iceblast (7)
Scrolls
 e - 2 scrolls of amnesia
 k - 3 scrolls of magic mapping
 n - 2 scrolls of silence
 r - 3 scrolls of immolation
 E - 3 scrolls of enchant armour
 L - a scroll of fear
 N - 3 scrolls of identify
Potions
 d - a potion of might
 i - a potion of brilliance
 l - 2 potions of ambrosia
 p - 3 potions of mutation
 u - 2 potions of lignification
 A - 2 potions of flight
 B - 11 potions of curing
 F - 3 potions of resistance
 P - 2 potions of haste


   Skills:
 + Level 10.3 Fighting
 - Level 8.0 Armour
 + Level 14.4 Dodging
 - Level 2.4 Stealth
 + Level 1.7 Shields
 + Level 11.8 Spellcasting
 - Level 10.1 Conjurations
 - Level 2.0 Transmutations
 + Level 6.4 Fire Magic
 + Level 6.4 Air Magic
 - Level 12.0 Earth Magic


You had 10 spell levels left.
You knew the following spells:

 Your Spells              Type           Power      Damage    Failure   Level
a - Sandblast             Erth           100%       2d20      1%          1
b - Passwall              Tmut/Erth      39%        N/A       1%          2
c - Stone Arrow           Conj/Erth      100%       3d13      1%          3
d - Plasma Beam           Fire/Air       22%        2x1d25    4%          5
e - Airstrike             Air            22%        2d(4-20)  1%          4
f - Conjure Ball Lightni  Conj/Air       26%        3x3d7     11%         6
g - Fireball              Conj/Fire      26%        3d12      2%          5

Your spell library contained the following spells:

 Spells                   Type           Power      Damage    Failure   Level
 Lee's Rapid Deconstruct  Erth           32%        3d16*     1%          5
 Magic Dart               Conj           100%       1d8       1%          1
 Shock                    Conj/Air       100%       1d9       1%          1
 Poisonous Vapours        Pois/Air       58%        N/A       1%          2
 Hailstorm                Conj/Ice       38%        3d9       1%          3
 Inner Flame              Hex/Fire       29%        N/A       1%          3
 Mephitic Cloud           Conj/Pois/Air  40%        N/A       1%          3
 Swiftness                Air            44%        N/A       1%          3
 Flame Wave               Conj/Fire      52%        2d13      1%          4
 Sticky Flame             Conj/Fire      52%        2d7       1%          4
 Freeze                   Ice            56%        1d7       2%          1
 Arcjolt                  Conj/Air       26%        1d36      2%          5
 Petrify                  Tmut/Erth      47%        N/A       4%          4
 Sting                    Tmut/Pois      76%        1d6       5%          1
 Frozen Ramparts          Ice            28%        1d5       7%          3
 Vhi's Electric Charge    Tloc/Air       58%        N/A       7%          3
 Call Imp                 Summ           14%        N/A       12%         2
 Olgreb's Toxic Radiance  Pois           14%        N/A       21%         4
 Ozocubu's Armour         Ice            14%        N/A       24%         3
 Ice Form                 Ice/Tmut       19%        N/A       47%         4
 Cause Fear               Hex            7%         N/A       63%         4
 Metabolic Englaciation   Hex/Ice        7%         N/A       92%         5
 Simulacrum               Ice/Necr       7%         N/A       100%        6
 Discord                  Hex            7%         N/A       100%        8
 Maxwell's Capacitive Co  Air            22%        ∞         100%        8


Dungeon Overview and Level Annotations

Branches:
Dungeon (12/15)            Temple (1/1) D:7            Lair (5/5) D:11
 Shoals (0/4) Lair:2        Snake (0/4) Lair:3        Slime (0/5) Lair:5
    Orc (2/2) D:10            Elf (0/3) Orc:2         IceCv (1/1)

Altars:
Ashenzari
Cheibriados
Dithmenos
Elyvilon
Fedhas
Gozag
Hepliaklqana
Kikubaaqudgha
Makhleb
Nemelex Xobeh
Okawaru
Qazlal
Ru
Sif Muna
Trog
Uskayaw
Vehumet
Wu Jian
Xom
Yredelemnul
Zin
The Shining One
Jiyva
Lugonu

Shops:
D:2 !=   D:4 [   D:11 *   Orc:2 !(*([

Portals:
Abyss: Lair:5

Annotations:
Lair:5 1 runed translucent door


Message History

Casting: Plasma Beam (dangerous; 4% risk of failure)
Confirm with . or Enter, or press ? or * to list all spells.
Casting: Plasma Beam (dangerous; 4% risk of failure)
Press: ? - help, Dir - look around, f - activate The bolt of lightning hits the necromancer!
The necromancer is almost dead.
The fiery plasma hits the necromancer.
The necromancer is almost dead.
You block the dire elephant simulacrum's attack.
The dire elephant simulacrum completely misses you.
The necromancer hits you from afar with a +0 bardiche of freezing!
* * * LOW HITPOINT WARNING * * *
Casting: Plasma Beam (dangerous; 4% risk of failure)
Confirm with . or Enter, or press ? or * to list all spells.
Casting: Plasma Beam (dangerous; 4% risk of failure)
Press: ? - help, Dir - look around, f - activate The bolt of lightning hits the necromancer.
You kill the necromancer!
Vehumet accepts your kill.
You feel your power returning.
The dire elephant simulacrum tramples you.
* * * LOW HITPOINT WARNING * * *
You hold your ground!
The dire elephant simulacrum trunk-slaps you!
* * * LOW HITPOINT WARNING * * *
The dire elephant simulacrum freezes you.
You resist.
* * * LOW HITPOINT WARNING * * *
Your life force feels restored.
Okay, then.
Okay, then.
Press: ? - help, v - describe, . - travel The floor, spattered with blood.
Unknown command.
Unknown command.
Okay, then.
You are confused.
You feel invigorated.
The dire elephant simulacrum tramples you!!
You die...

#...##
##........##
#...##
########8........#
##...##
#[..........#
##...#
#.).........#
##...#
####.......##
#...## ###...###
##...## ###
##..### ##.....##
##.### ####.Z##
#...∩...#
##p..4#####..#..@#
#.......#
...##....#....)###
##..∩..##
4######....#####
##...## ## ######
##### #


You could see a dire elephant simulacrum.

Vanquished Creatures
  3 hydras
  A boulder beetle (D:12)
  4 ogre magi (Orc:2)
  18 two-headed ogres
  Urug (Lair:2)
  7 death yaks
  3 thrashing horrors (Lair:5)
  2 skysharks
  2 large abominations (Lair:5)
  A necromancer (IceCv)
  An ugly thing (IceCv)
  3 orc sorcerers
  A manticore (D:11)
  A cyclops (D:11)
  3 black mambas
  6 elephants (Lair:5)
  2 torpor snails
  11 cane toads
  3 smoke demons (Lair:5)
  17 rime drakes
  Maggie (Lair:1)
  13 ice devils (IceCv)
  5 komodo dragons
  An ancient zyme (Lair:5)
  A freezing wraith (IceCv)
  3 trolls
  3 polar bears
  Prince Ribbit (D:7)
  15 blink frogs
  4 dream sheep
  Sigmund (D:2)
  A vampire (D:10)
  2 dire elephant simulacra (IceCv)
  A wraith (D:11)
  23 yaks
  2 wyverns
  A ynoxinul (Lair:5)
  4 basilisks
  3 chaos spawn (Lair:5)
  Grum (D:10)
  8 steam dragons (Lair:2)
  6 vampire mosquitoes (D:11)
  3 nagas (Lair:3)
  A warg (Orc:2)
  8 death yak simulacra
  3 harpy simulacra (IceCv)
  An acid dragon (D:11)
  12 water moccasins
  An acid dragon (shapeshifter) (Lair:5)
  Duvessa (D:7)
  2 hydra simulacra (IceCv)
  2 black bears
  An ice beast (D:6)
  18 orc warriors
  22 ogres
  3 centaurs
  A phantom (D:6)
  14 wolves
  A kobold brigand (D:10)
  12 bullfrogs
  5 scorpions
  A gnoll sergeant (D:6)
  A two-headed ogre simulacrum (IceCv)
  5 cane toad simulacra
  11 small abominations (Lair:5)
  17 wights
  Dowan (D:7)
  4 elephant simulacra
  6 killer bees
  2 howler monkeys
  2 hounds
  2 jellies
  7 orc priests
  A gnoll bouda (D:8)
  3 sleepcaps (D:6)
  An iguana (D:5)
  22 orc wizards
  7 hell rats (Lair:4)
  6 polar bear simulacra
  3 troll simulacra
  A spriggan simulacrum (IceCv)
  A wolf simulacrum (IceCv)
  Robin (D:3)
  2 naga simulacra (D:12)
  3 adders
  13 gnolls
  A white imp (IceCv)
  4 ufetubi
  A dart slug (D:1)
  67 orcs
  9 endoplasms
  A giant cockroach (D:1)
  15 goblins
  10 hobgoblins
  7 jackals
  9 quokkas
  5 ball pythons
  5 bats
  4 frilled lizards
  7 kobolds
  10 rats
579 creatures vanquished.

Vanquished Creatures (others)
  8 ball lightnings
  27 fungi
  32 plants
67 creatures vanquished.

Grand Total: 646 creatures vanquished

Notes
Turn   | Place    | Note
-------+----------+-------------------------------------------
     0 | D:1      | voltaire321 the Deep Elf Earth Elementalist began the quest
                  | for the Orb.
     0 | D:1      | Reached XP level 1. HP: 10/10 MP: 6/6
   122 | D:1      | Reached XP level 2. HP: 16/16 MP: 5/8
   385 | D:1      | Reached XP level 3. HP: 20/20 MP: 5/9
   399 | D:1      | Learned a level 2 spell: Passwall
   623 | D:1      | Learned a level 3 spell: Stone Arrow
   693 | D:1      | Reached skill level 3 in Dodging
  1103 | D:2      | Found Hucweag's Distillery.
  1106 | D:2      | Found Veotigots's Jewellery Emporium.
  1124 | D:2      | Bought a potion of curing for 42 gold pieces
  1133 | D:2      | Reached skill level 1 in Fighting
  1334 | D:2      | Reached XP level 4. HP: 25/25 MP: 7/11
  1458 | D:2      | Reached skill level 1 in Armour
  1465 | D:2      | Reached skill level 1 in Conjurations
  1732 | D:2      | Found a hide-covered altar of Uskayaw.
  1733 | D:2      | Noticed Sigmund
  1812 | D:2      | Killed Sigmund
  1813 | D:2      | Reached XP level 5. HP: 29/30 MP: 2/13
  1813 | D:2      | Reached XP level 6. HP: 34/35 MP: 2/14
  2326 | D:3      | Identified the +0 scale mail "Bugitau" {rElec rF+}
  2341 | D:3      | Noticed Robin
  2349 | D:3      | Killed Robin
  3091 | D:4      | Found Xacuon's Armour Shoppe.
  3111 | D:4      | Reached skill level 4 in Dodging
  3560 | D:4      | Found a shimmering altar of Xom.
  3739 | D:5      | Entered Level 5 of the Dungeon
  3884 | D:5      | Reached XP level 7. HP: 23/40 MP: 9/16
  4325 | D:5      | Reached skill level 5 in Spellcasting
  4481 | D:5      | Found a basalt altar of Yredelemnul.
  5214 | D:6      | Reached skill level 5 in Earth Magic
  5498 | D:6      | Reached skill level 5 in Dodging
  5498 | D:6      | Reached XP level 8. HP: 45/45 MP: 5/18
  6207 | D:6      | You fall into a shaft and drop 3 floors!
  6352 | D:7      | Found a staircase to the Ecumenical Temple.
  6361 | Temple   | Entered the Ecumenical Temple
  6437 | Temple   | Became a worshipper of Vehumet
  6481 | D:7      | Noticed Prince Ribbit
  6488 | D:7      | Killed Prince Ribbit
  6489 | D:7      | Reached skill level 6 in Dodging
  6725 | D:7      | Noticed Duvessa
  6725 | D:7      | Noticed Dowan
  6734 | D:7      | Killed Duvessa
  6735 | D:7      | Killed Dowan
  6736 | D:7      | Reached XP level 9. HP: 47/52 MP: 2/21
  7236 | D:7      | Reached skill level 5 in Conjurations
  8207 | D:8      | Reached * piety under Vehumet
  8207 | D:8      | Offered knowledge of Kiss of Death by Vehumet.
  8478 | D:8      | Reached skill level 7 in Dodging
  8954 | D:9      | Found a glowing golden altar of the Shining One.
  8954 | D:9      | Found a snail-covered altar of Cheibriados.
  8954 | D:9      | Found a bloodstained altar of Trog.
  8954 | D:9      | Found a shimmering blue altar of Sif Muna.
  8955 | D:9      | Found a burning altar of Makhleb.
  9171 | D:9      | Identified the +0 leather armour of Vehumet's Supremacy
                  | {rF+ rC++}
  9574 | D:9      | Noticed a two-headed ogre
  9577 | D:9      | Killed a two-headed ogre
  9578 | D:9      | Reached XP level 10. HP: 58/58 MP: 15/24
  9721 | D:9      | Reached skill level 5 in Fighting
 10102 | D:10     | Entered Level 10 of the Dungeon
 10103 | D:10     | Noticed a two-headed ogre
 10108 | D:10     | Killed a two-headed ogre
 10109 | D:10     | Reached skill level 5 in Armour
 10313 | D:10     | Noticed Grum
 10319 | D:10     | Killed Grum
 10319 | D:10     | Offered knowledge of Static Discharge by Vehumet.
 10408 | D:10     | Reached ** piety under Vehumet
 10454 | D:10     | Reached skill level 8 in Dodging
 10501 | D:10     | Noticed a two-headed ogre
 10505 | D:10     | Killed a two-headed ogre
 10866 | D:10     | Found a staircase to the Orcish Mines.
 11293 | Orc:1    | Entered Level 1 of the Orcish Mines
 11306 | D:10     | Offered knowledge of Kindle Blastsparks by Vehumet.
 11342 | Orc:1    | Noticed an orc sorcerer
 11485 | D:11     | Found Sopnu's Assorted Antiques.
 11628 | D:11     | Reached *** piety under Vehumet
 11881 | D:11     | Reached XP level 11. HP: 64/64 MP: 16/26
 11887 | D:11     | Bought a lumpy emerald potion for 21 gold pieces
 11887 | D:11     | Bought a puce potion for 21 gold pieces
 11887 | D:11     | Bought an orange potion for 21 gold pieces
 12124 | D:11     | Noticed a death yak
 12144 | D:11     | Killed a death yak
 12231 | D:11     | Noticed a death yak
 12253 | D:11     | Reached skill level 9 in Dodging
 12324 | D:11     | Found a staircase to the Lair.
 12334 | D:11     | Noticed a two-headed ogre
 12339 | D:11     | Killed a two-headed ogre
 12504 | D:11     | Reached skill level 10 in Spellcasting
 12540 | D:11     | Noticed a death yak
 12543 | D:11     | Killed a death yak
 12577 | D:11     | Killed a death yak
 12993 | D:11     | Noticed a two-headed ogre
 12997 | D:11     | Killed a two-headed ogre
 13633 | Lair:1   | Entered Level 1 of the Lair of Beasts
 13633 | Lair:1   | Noticed Maggie
 13636 | Lair:1   | Killed Maggie
 13841 | Lair:1   | Offered knowledge of Inner Flame by Vehumet.
 13864 | Lair:1   | Reached skill level 10 in Dodging
 14616 | Lair:2   | Reached XP level 12. HP: 71/71 MP: 22/28
 14814 | Lair:2   | Found a staircase to the Shoals.
 15102 | Lair:2   | Reached skill level 10 in Earth Magic
 15206 | Lair:2   | Reached **** piety under Vehumet
 15398 | Lair:2   | Offered knowledge of Plasma Beam by Vehumet.
 15663 | Lair:2   | Noticed Urug
 15669 | Lair:2   | Killed Urug
 15670 | Lair:2   | Reached skill level 11 in Dodging
 16150 | Lair:2   | Reached skill level 10 in Conjurations
 16618 | Lair:3   | Found a staircase to the Snake Pit.
 16758 | Lair:3   | Noticed a four-headed hydra
 16763 | Lair:3   | Killed a four-headed hydra
 16811 | Lair:3   | Learned a level 5 spell: Plasma Beam
 17150 | Lair:3   | Learned a level 4 spell: Airstrike
 17169 | Lair:3   | Reached skill level 1 in Fire Magic
 17242 | Lair:3   | Noticed a five-headed hydra
 17248 | Lair:3   | Killed a five-headed hydra
 17249 | Lair:3   | Reached skill level 1 in Air Magic
 17249 | Lair:3   | Reached XP level 13. HP: 78/78 MP: 20/29
 17664 | Lair:4   | Identified the +3 mace of Laceration {speed, rPois rF+++
                  | Will-}
 17871 | Lair:4   | Reached ***** piety under Vehumet
 17889 | Lair:4   | Offered knowledge of Conjure Ball Lightning by Vehumet.
 18101 | Lair:4   | Learned a level 6 spell: Conjure Ball Lightning
 18889 | Lair:5   | Entered Level 5 of the Lair of Beasts
 19317 | Lair:5   | Reached skill level 12 in Dodging
 20649 | Lair:5   | Found a runed translucent door.
 20649 | Lair:5   | Found a viscous altar of Jiyva.
 20651 | Lair:5   | Found a staircase to the Slime Pits.
 20837 | Lair:5   | Reached skill level 5 in Fire Magic
 20898 | Lair:5   | Identified the +1 trident of Calamity {vamp, rN+}
 21920 | Lair:5   | Reached XP level 14. HP: 57/86 MP: 7/30
 21923 | Lair:5   | Reached skill level 5 in Air Magic
 21977 | Lair:5   | HP: 4/86 [thrashing horror (4)]
 22288 | Lair:5   | Reached skill level 13 in Dodging
 22388 | Lair:5   | Found a corrupted altar of Lugonu.
 22388 | Lair:5   | Found a one-way gate to the infinite horrors of the Abyss.
 23000 | Orc:2    | Entered Level 2 of the Orcish Mines
 23098 | Orc:2    | Paralysed by an ogre mage for 4 turns
 23314 | Orc:2    | Found Zufaripeu's Distillery.
 23501 | Orc:2    | Offered knowledge of Fireball by Vehumet.
 23561 | Orc:2    | Learned a level 5 spell: Fireball
 24136 | Orc:2    | Found a staircase to the Elven Halls.
 24208 | Orc:2    | HP: 3/86 [two-headed ogre/+0 giant spiked club (19)]
 24831 | Orc:2    | Paralysed by an ogre mage for 3 turns
 24981 | Orc:2    | Reached skill level 14 in Dodging
 24985 | Orc:2    | Reached skill level 10 in Fighting
 25254 | Orc:2    | Found Zicluing's Antique Weapon Shoppe.
 25254 | Orc:2    | Found Syholar's Assorted Antiques.
 25269 | Orc:2    | Found Denerr's Antique Weapon Boutique.
 25269 | Orc:2    | Found Ozotz's Armour Emporium.
 25424 | Orc:2    | Bought a +2 buckler for 280 gold pieces
 25583 | D:12     | Found a frozen archway.
 25663 | IceCv    | Entered an ice cave
 25668 | IceCv    | Offered knowledge of Lee's Rapid Deconstruction by Vehumet.
 26242 | IceCv    | Reached skill level 1 in Shields
 26400 | IceCv    | Found an ancient bone altar of Kikubaaqudgha.
 26715 | IceCv    | Demolished by a dire elephant simulacrum

Illustrated notes

Levels and vault maps discovered:
D:1:      dpeg_arrival_prison, layout_rooms
D:2:      layout_loops_corners, serial_shops, shop, shop_fountains, basic_altar,
          uniq_sigmund
D:3:      layout_basic, uniq_robin
D:4:      layout_loops_ring, xom_teletrap_fun, serial_shops, shop,
          minmay_misc_feat_secret_circle
D:5:      layout_loops_cross, lemuel_tele_altar, nicolae_underground_beach
D:6:      layout_basic, columned_hall_lemuel
D:7:      layout_loops_corners, temple_pool_b, uniq_prince_ribbit1, uniq_duvessa
D:8:      layout_basic
D:9:      layout_gridville, grunt_temple_overflow_open,
          statue_in_the_mist_lemuel
D:10:     layout_long_grid, david_orc_5, uniq_grum
D:11:     layout_long_grid, dpeg_lair_monsters, serial_shops, shop
D:12:     layout_layer_cave, portal_ice_cave_entry_ice_simulacra
Temple:   eino_wide_crystal_templ
Lair:1:   layout_long_grid, uniq_maggie
Lair:2:   layout_roguey, elwin_shoals_entry_rocks, bobbens_dragon_lair_wall,
          uniq_urug
Lair:3:   layout_loops_ring, minmay_snake_entry_guardpost_small,
          chequers_serial_rivers_micro_e
Lair:4:   layout_roguey
Lair:5:   hellmonk_lair_end_abyssal_woods, layout_loops_ring, slime_entry_2
Orc:1:    layout_caves
Orc:2:    st_orc_ogre_mass, layout_caves, serial_shops, nicolae_shop_crystal
IceCv:    ice_cave_small_necro

Skill      XL: |  1  2  3  4  5  6  7  8  9 10 11 12 13 14 |
---------------+-------------------------------------------+-----
Dodging        | 3 4 5 6 7 8 10 11 12 14 | 14.4
Fighting       | 1 2 3 4 5 6 8 9 10 | 10.3
Armour         | 1 2 3 4 5 6 7 8 |  8.0
Transmutations | 2 |  2.0
Conjurations   | 1 2 3 4 6 7 8 10 | 10.1
Spellcasting   | 4 5 6 8 9 10 11 | 11.8
Earth Magic    | 4 5 6 7 8 9 10 12 | 12.0
Fire Magic     | 1 5 6 |  6.4
Air Magic      | 1 4 6 |  6.4
Shields        | 1 |  1.7
Stealth        | |  2.4

Action                     |  1- 3 |  4- 6 |  7- 9 | 10-12 | 13-15 || total
---------------------------+-------+-------+-------+-------+-------++-------
  Melee: Flail             |     8 |     9 |       |       |       ||    17
         Dagger            |       |       |     1 |    38 |   120 ||   159
         Punch             |       |       |       |     1 |     2 ||     3
   Cast: Sandblast         |    61 |    66 |    85 |    97 |   193 ||   502
         Stone Arrow       |       |    10 |    90 |   248 |   361 ||   709
         Airstrike         |       |       |       |       |     5 ||     5
         Plasma Beam       |       |       |       |       |    27 ||    27
         Conjure Ball Ligh |       |       |       |       |     3 ||     3
         Fireball          |       |       |       |       |     7 ||     7
  Evoke: Wand              |       |       |       |       |     4 ||     4
    Use: Potion            |       |     1 |       |     3 |    10 ||    14
         Scroll            |       |       |    20 |     7 |     7 ||    34
   Stab: Sleeping          |       |       |       |       |     1 ||     1
 Armour: Robe              |     7 |     8 |     6 |     4 |       ||    25
         Leather armour    |       |       |       |    50 |   113 ||   163
         Skin              |       |       |       |    11 |       ||    11
  Dodge: Dodged            |    18 |    31 |    41 |   130 |   492 ||   712
  Block: Other             |       |       |     7 |    43 |   103 ||   153
         Reflection        |       |       |     2 |     3 |     2 ||     7
         Buckler           |       |       |       |       |    54 ||    54

Table legend: (Time is in decaauts)
 A = Elapsed time spent in this place.
 B = Non-inter-level travel time spent in this place.
 C = Inter-level travel time spent in this place.
 D = Time resting spent in this place.
 E = Time spent auto-exploring this place.
 F = Levels seen in this place.
 G = Mean time per level.
                   A        B        C        D        E       F      G
               +--------+--------+--------+--------+--------+-----+--------+
         Total |  27047 |  25779 |   1268 |   9671 |  10945 |  21 | 1288.0 |
       Dungeon |  14061 |  13391 |    670 |   4146 |   6813 |  12 | 1171.8 |
        Temple |     98 |     64 |     34 |      0 |     44 |   1 |   98.0 |
          Lair |   9149 |   8732 |    417 |   3663 |   3424 |   5 | 1829.8 |
  Orcish Mines |   2656 |   2510 |    146 |   1110 |    607 |   2 | 1328.0 |
      Ice Cave |   1080 |   1080 |      0 |    751 |     57 |   1 | 1080.0 |
               +--------+--------+--------+--------+--------+-----+--------+

Top non-repeatable levels by time:
  Lair:5: 3208 daAuts
    D:11: 2182 daAuts
  Lair:4: 1764 daAuts
  Lair:2: 1735 daAuts
   Orc:2: 1678 daAuts
    D:10: 1505 daAuts
     D:7: 1428 daAuts
     D:5: 1325 daAuts
     D:6: 1291 daAuts
     D:9: 1280 daAuts
     D:2: 1272 daAuts
  Lair:1: 1237 daAuts
  Lair:3: 1203 daAuts
   IceCv: 1080 daAuts
     D:8: 1069 daAuts
